 Dungeon Sprint DCSS version 0.31-a0-18-gea43df2a32 (webtiles) character file.

Game seed: 11647298067242547792

2661 sircluck the Grappler (level 9, -4/101 HPs)
             Began as a Troll Berserker on May 10, 2023.
             Was an Elder of Trog.
             Engulfed by a death drake's foul pestilence (5 damage)
             ... in the Dungeon (Sprint II: "The Violet Keep of Menkaure").
             The game lasted 00:03:30 (706 turns).

sircluck the Grappler (Troll Berserker)              Turns: 706, Time: 00:03:31

Health: -4/101     AC:  3    Str: 31    XL:     9   Next: 36%
Magic:  6/6        EV: 12    Int:  1    God:    Trog [****..]
Gold:   1150       SH:  0    Dex:  9    Spells: 8/8 levels left

rFire   . .          .
                       - Unarmed
rCold   . . .        (no shield)
rNeg    . . .        a - +0 animal skin
rPois   .            (helmet restricted)
rElec   .            (no cloak)
rCorr   .            (gloves unavailable)
SInv    .            (boots unavailable)
Will    ++...        (no amulet)
Stlth   +            (no ring)
HPRegen 2.16/turn    (no ring)
MPRegen 0.10/turn

%: no teleportation
@: lethally poisoned (-4 -> -36), strong-willed, regenerating, slowed, very slow
A: large, unfitting armour, claws 3, regeneration 1, shaggy fur 1, tough skin 1,
deformed body, dopey 1, low MP 2, subdued magic 1
a: Renounce Religion, Berserk, Trog's Hand, Brothers in Arms


You were in the Dungeon.
You worshipped Trog.
Trog was greatly pleased with you.
You visited 1 branch You collected 1150 gold pieces.

Inventory:

Armour
 a - a +0 animal skin (worn)
Scrolls
 c - a scroll of poison {unknown}
 g - a scroll of blinking
Potions
 d - a potion of haste
 e - 2 potions of magic
 f - a potion of berserk rage


   Skills:
 + Level 10.2 Fighting
 + Level 10.0 Dodging
 + Level 0.7 Stealth
 + Level 14.6 Unarmed Combat


You had 8 spell levels left.
You didn't know any spells.
Your spell library was empty.

Dungeon Overview and Level Annotations

Branches:
Dungeon (1/1)

Altars:
Cheibriados
Dithmenos
Elyvilon
Fedhas
Gozag
Hepliaklqana
Kikubaaqudgha
Makhleb
Nemelex Xobeh
Okawaru
Qazlal
Ru
Sif Muna
Trog
Uskayaw
Vehumet
Wu Jian
Xom
Yredelemnul
Zin
The Shining One
Jiyva
Lugonu

Shops:
D ?=(![![!*!:(

Annotations:
D exclusion: oklob plant


Innate Abilities, Weirdness & Mutations

You are too large for most types of armour.
You have claws for hands.
Your natural rate of healing is unusually fast.
You are covered in fur. (AC +1)
You have tough skin. (AC +1)
Armour fits poorly on your strangely shaped body.
You are dopey. (Int -2)
Your magical capacity is very low. (-20% MP)
Your spells are a little easier to cast, but a little less powerful.


Message History

The death drake breathes miasma at you. The foul vapour engulfs you!
You are poisoned.
The death drake breathes miasma at you. The foul vapour engulfs you!
You are more poisoned.
You are engulfed in dark miasma.
You are more poisoned.
You feel extremely sick.
The swamp drake roars!
You see here a death yak corpse.
You claw the death drake!
The death drake is lightly wounded.
You are engulfed in dark miasma.
You are lethally poisoned!
You feel extremely sick. The death drake barely misses you.
Blink to where?
Press: ? - help, Q - select action, (/) - cycle Dir - move target
Okay, then.
Okay, then.
You fail to use your ability.
You are engulfed in dark miasma.
You are more poisoned.
* * * LOW HITPOINT WARNING * * *
x2 You feel extremely sick.
The death drake closely misses you.
You feel better. The death drake barely misses you.
You close the door.
The death drake bites you!
* * * LOW HITPOINT WARNING * * *
You miss the death drake.
The death drake is lightly wounded.
The death drake breathes miasma at you. The foul vapour engulfs you!
You are lethally poisoned!
You feel yourself slow down.
* * * LOW HITPOINT WARNING * * *
Your skin crawls.
You feel strong-willed.
You are engulfed in dark miasma.
You are more poisoned.
You die... ##≈≈○S≈≈§# ... ~#+++#+++## .. ~.........# .. # ~~.##'##..# #. .# ~~##...##.#### +.##.# ~~#÷##..#....# ...#### ####.######..#####..##.# ))$ #.###'###.##..#○k+k.#..# )?=)

.#.##.##..##..#○@#.^#..#▓?$($
###†.<.+##†'..####.^##)#▓$?[$
.#.##.##..##†...###...##▓▓▓▓▓
#.###'###.##..§...~~~~~~~~~~~
#####††####~~.§...~#'########
~~#.##..#~~~~§~~..~#.._._._.#
#~##.#.##~~~~~§~~.~#._._._..#
#~~##'##~~~≈≈§~~~~~#_._._._.#
##~~~~~~~~~~≈≈§≈~~~#._._._._#


You could see a death drake (catching breath).

Vanquished Creatures
  A death yak (D)
  2 polar bears (D)
  A hornet (D)
  2 wyverns (D)
  2 neqoxecs (D)
  2 water moccasins (D)
  4 scorpions (D)
  3 worms (D)
17 creatures vanquished.

Vanquished Creatures (collateral kills)
  A yaktaur (D)
  A polar bear (D)
2 creatures vanquished.

Vanquished Creatures (others)
  Menkaure (D)
  2 neqoxecs (D)
3 creatures vanquished.

Grand Total: 22 creatures vanquished

Notes
Turn   | Place    | Note
-------+----------+-------------------------------------------
     0 | D        | sircluck the Troll Berserker began the quest for the Orb.
     0 | D        | Reached XP level 1. HP: 22/22 MP: 0/0
     1 | D        | Noticed a neqoxec
     1 | D        | Noticed a neqoxec
    10 | D        | Killed a neqoxec
    11 | D        | Reached skill level 5 in Fighting
    11 | D        | Reached skill level 5 in Dodging
    11 | D        | Reached skill level 6 in Unarmed Combat
    11 | D        | Reached XP level 2. HP: 30/35 MP: 1/1
    11 | D        | Reached XP level 3. HP: 37/42 MP: 2/2
    11 | D        | Reached XP level 4. HP: 44/50 MP: 3/3
    13 | D        | Noticed a neqoxec
    15 | D        | Killed a neqoxec
    16 | D        | Reached XP level 5. HP: 39/57 MP: 4/4
    18 | D        | Killed Menkaure
    20 | D        | Gained mutation: Your spells are a little easier to cast,
                  | but a little less powerful. [a neqoxec]
    23 | D        | Lost intelligence.
    23 | D        | Gained mutation: Armour fits poorly on your strangely
                  | shaped body. [a neqoxec]
    24 | D        | Gained mutation: You are dopey. (Int -2) [a neqoxec]
    25 | D        | Gained mutation: Your magical capacity is low. (-10% MP) [a
                  | neqoxec]
    26 | D        | Gained mutation: Your magical capacity is very low. (-20%
                  | MP) [a neqoxec]
    27 | D        | Killed a neqoxec
    28 | D        | Reached skill level 8 in Unarmed Combat
    28 | D        | Reached XP level 6. HP: 67/68 MP: 3/3
    71 | D        | Noticed a water moccasin
    76 | D        | Killed a water moccasin
    76 | D        | Reached ** piety under Trog
    77 | D        | Reached skill level 9 in Unarmed Combat
   281 | D        | Noticed a wyvern
   281 | D        | Noticed a wyvern
   283 | D        | Killed a wyvern
   284 | D        | Reached XP level 7. HP: 78/78 MP: 4/4
   285 | D        | Killed a neqoxec
   287 | D        | Killed a wyvern
   288 | D        | Reached skill level 10 in Unarmed Combat
   292 | D        | Found Maghoeb's Distillery.
   292 | D        | Found Payreag's Distillery.
   292 | D        | Found Kyunudgh's Antique Weapon Emporium.
   292 | D        | Found Enuen's Antique Armour Shoppe.
   292 | D        | Found Barunny's Assorted Antiques.
   300 | D        | Reached *** piety under Trog
   306 | D        | Noticed an obsidian statue
   321 | D        | Found Batoc's Distillery.
   321 | D        | Found Ecwitt's Antique Armour Shoppe.
   322 | D        | Found Xokaneby's Distillery.
   323 | D        | Found Qapnuf's Weapon Shoppe.
   323 | D        | Noticed a manticore
   324 | D        | Found Yfexio Ydiwk's Book Shoppe.
   335 | D        | Found Danystuf's Jewellery Emporium.
   335 | D        | Found Haikh's Magic Scroll Shoppe.
   335 | D        | Noticed a manticore
   335 | D        | Noticed a manticore
   335 | D        | Noticed an oklob plant
   420 | D        | Reached **** piety under Trog
   421 | D        | Reached skill level 11 in Unarmed Combat
   427 | D        | Reached XP level 8. HP: 81/89 MP: 5/5
   441 | D        | Found a hazy altar of Hepliaklqana.
   441 | D        | Found a snail-covered altar of Cheibriados.
   442 | D        | Found a stormy altar of Qazlal.
   442 | D        | Found a viscous altar of Jiyva.
   442 | D        | Found a shadowy altar of Dithmenos.
   443 | D        | Found a sacrificial altar of Ru.
   443 | D        | Found an ancient bone altar of Kikubaaqudgha.
   443 | D        | Found a white marble altar of Elyvilon.
   444 | D        | Found an ornate altar of the Wu Jian Council.
   444 | D        | Found a shimmering blue altar of Sif Muna.
   444 | D        | Found a corrupted altar of Lugonu.
   445 | D        | Found a shimmering altar of Xom.
   445 | D        | Found a bloodstained altar of Trog.
   445 | D        | Found a burning altar of Makhleb.
   446 | D        | Found a glowing golden altar of the Shining One.
   446 | D        | Found a basalt altar of Yredelemnul.
   446 | D        | Found a hide-covered altar of Uskayaw.
   448 | D        | Found a glowing silver altar of Zin.
   452 | D        | Noticed a yaktaur
   452 | D        | Noticed a hornet
   452 | D        | Noticed a polar bear
   452 | D        | Noticed a polar bear
   454 | D        | Killed a polar bear
   462 | D        | Killed a polar bear
   463 | D        | Reached skill level 12 in Unarmed Combat
   465 | D        | Killed a yaktaur
   472 | D        | Noticed a polar bear
   473 | D        | Killed a hornet
   474 | D        | Reached skill level 13 in Unarmed Combat
   476 | D        | Killed a polar bear
   477 | D        | Reached XP level 9. HP: 48/101 MP: 6/6
   532 | D        | Found a radiant altar of Vehumet.
   534 | D        | Found a blossoming altar of Fedhas.
   534 | D        | Found a sparkling altar of Nemelex Xobeh.
   535 | D        | Found an opulent altar of Gozag.
   535 | D        | Found an iron altar of Okawaru.
   555 | D        | Noticed a death yak
   568 | D        | Noticed a death drake
   573 | D        | Killed a death yak
   574 | D        | Reached skill level 10 in Fighting
   574 | D        | Reached skill level 10 in Dodging
   574 | D        | Reached skill level 14 in Unarmed Combat
   705 | D        | HP: 1/101 [death drake/foul vapour (11)]
   706 | D        | Engulfed by a death drake's foul pestilence

Illustrated notes

Levels and vault maps discovered:
D:        the_violet_keep_of_menkaure [sprint2_stairs_cluster_1,
          sprint2_shoproom, sprint2_temple, sprint2_basic_supplies,
          sprint2_obstacle_3, sprint2_obstacle_6, sprint2_obstacle_5,
          sprint2_obstacle_7, sprint2_obstacle_4, sprint2_timed_cluster_1,
          sprint2_smallroom_cluster_1, sprint2_smallroom_final_cluster_1,
          sprint2_transparent_cluster_1, sprint2_second_timed_cluster_1,
          sprint2_sniper_area_1, sprint2_heavy_combat_area_1,
          sprint2_mutation_trap_area_1, sprint2_forest_area_1,
          sprint2_light_combat_area_1, sprint2_behind_water_1,
          sprint2_near_end_vault_1]

Skill      XL: |  1  2  3  4  5  6  7  8  9 |
---------------+----------------------------+-----
Fighting       | 5 6 7 8 9 10 | 10.2
Dodging        | 5 6 7 8 9 10 | 10.0
Unarmed Combat | 6 8 9 11 13 14 | 14.6
Stealth        | |  0.7

Action                     |  1- 3 |  4- 6 |  7- 9 || total
---------------------------+-------+-------+-------++-------
  Melee: Unarmed           |     5 |    16 |    53 ||    74
         Punch             |       |     1 |     1 ||     2
 Invoke: Berserk           |     1 |       |     1 ||     2
         Brothers in Arms  |       |       |     2 ||     2
         Trog's Hand       |       |       |     1 ||     1
    Use: Potion            |       |       |     2 ||     2
 Armour: Animal skin       |       |     3 |     7 ||    10
  Dodge: Dodged            |       |     5 |    25 ||    30

Table legend: (Time is in decaauts)
 A = Elapsed time spent in this place.
 B = Non-inter-level travel time spent in this place.
 C = Inter-level travel time spent in this place.
 D = Time resting spent in this place.
 E = Time spent auto-exploring this place.
 F = Levels seen in this place.
 G = Mean time per level.
                   A        B        C        D        E       F      G
               +--------+--------+--------+--------+--------+-----+--------+
         Total |    723 |    706 |     17 |    433 |     71 |   1 |  723.0 |
       Dungeon |    723 |    706 |     17 |    433 |     71 |   1 |  723.0 |
               +--------+--------+--------+--------+--------+-----+--------+

Top non-repeatable levels by time:
       D: 723 daAuts
